 Dungeon Crawl Stone Soup version 0.31-a0-229-g1fc7ce93e2 (webtiles) character file.

Game seed: 438678833078343427

104 qw the Shooter (level 4, 0/38 (39) HPs)
             Began as a Minotaur Hexslinger on July 6, 2023.
             Slain by a gnoll
             ... wielding a +2 flail of draining
              (5 damage)
             ... on level 3 of the Dungeon.
             The game lasted 00:00:48 (1722 turns).

qw the Shooter (Minotaur Hexslinger)                Turns: 1722, Time: 00:00:48

HP:   0/38 (39)     AC:  5    Str: 12    XL:     4   Next: 52%
MP:   4/4           EV: 11    Int: 10    God:
Gold: 25            SH:  0    Dex: 15    Spells: 4/5 levels left

rFire   . . .        Y - +1 sling
rCold   . . .        (no shield)
rNeg    . . .        d - +0 ring mail
rPois   .            (helmet restricted)
rElec   .            (no cloak)
rCorr   .            (no gloves)
SInv    .            (no boots)
Will    .....        (no amulet)
Stlth   +            (no ring)
HPRegen 0.26/turn    (no ring)
MPRegen 0.09/turn

%: no passive effects
@: lightly drained
A: horns 2, retaliatory headbutt, hooves 1, robust 1, sturdy frame 1
a: no special abilities


You were on level 3 of the Dungeon.
You visited 1 branch of the dungeon, and saw 3 of its levels.

You collected 80 gold pieces.
You spent 55 gold pieces at shops.


Innate Abilities, Weirdness & Mutations

You have a pair of horns on your head.
You reflexively headbutt those who attack you in melee.
You have large cloven feet.
You are robust. (+10% HP)
Your movements are slightly less encumbered by armour. (ER -2)


   Skills:
 - Level 2.0 Fighting
 + Level 4.8 Ranged Weapons
 - Level 1.3 Armour
 - Level 2.1 Dodging
 - Level 1.0 Spellcasting
 - Level 2.0 Hexes


You had 4 spell levels left.
You knew the following spells:

 Your Spells              Type           Power      Damage    Failure   Level
a - Slow                  Hex            16%        N/A       22%         1

Your spell library contained the following spells:

 Spells                   Type           Power      Damage    Failure   Level
 Inner Flame              Hex/Fire       2%         N/A       71%         3
 Portal Projectile        Hex/Tloc       4%         N/A       71%         3
 Cause Fear               Hex            2%         N/A       92%         4

Inventory:

Hand Weapons
 Y - a +1 sling (weapon)
Armour
 d - a +0 ring mail (worn)
Scrolls
 a - 3 scrolls of identify
 c - a scroll of blinking {unknown}
Potions
 b - a potion of magic {unknown}
 e - 2 potions of curing
 j - a potion of haste

Dungeon Overview and Level Annotations

Branches:
Dungeon (3/15)

Altars:
Nemelex Xobeh
Ru

Shops:
D:2 *


Message History

Enter note:
Enter note:
Found a stone staircase leading down.
Enter note:
Enter note:
Enter note: 2 gnolls come into view.
Found 8 gold pieces.
The gnoll shouts! x2; You hear a shout! x2
Enter note:
Enter note:
Enter note: You shoot a sling bullet.
The sling bullet closely misses the gnoll.
A gnoll comes into view. It is wielding a +2 flail of draining.
You shoot a sling bullet. The sling bullet hits the gnoll.
The gnoll is lightly wounded.
The gnoll barely misses you.
The gnoll hits you from afar with a +0 spear!
You shoot a sling bullet.
The sling bullet barely misses the gnoll.
A gnoll comes into view. It is wielding a +0 whip.
The gnoll hits you with a +0 whip.
The gnoll hits you from afar with a +0 spear!
You shoot a sling bullet. The sling bullet hits the gnoll.
The gnoll is heavily wounded.
The gnoll barely misses you.
You shoot a sling bullet.
The sling bullet hits the gnoll but does no damage.
The gnoll is heavily wounded.
The gnoll barely misses you.
You shoot a sling bullet. The sling bullet hits the gnoll.
The gnoll is almost dead.
The gnoll hits you from afar with a +0 spear!
You shoot a sling bullet. The sling bullet hits the gnoll.
The gnoll is moderately wounded.
The gnoll misses you.
The gnoll hits you with a +2 flail of draining!
You feel drained.
You die...

###.##..####
#......>.####
####........#
#.###.##.#
#.##...#.#
......#...#
##.##.....# .[.
##.#..# ####
#.#.@#
.......ggg.....
####.....g...$.
#########.## #


You could see 4 gnolls.

Vanquished Creatures
  Terence (D:2)
  An adder (D:2)
  3 worms
  A dart slug (D:1)
  6 ball pythons
  6 bats
  3 endoplasms
  2 giant cockroaches (D:1)
  7 goblins
  7 hobgoblins
  2 jackals (D:3)
  5 quokkas
  2 frilled lizards
  3 kobolds
  5 rats
54 creatures vanquished.

Notes
Turn   | Place    | Note
-------+----------+-------------------------------------------
     0 | D:1      | qw the Minotaur Hexslinger began the quest for the Orb.
     0 | D:1      | Reached XP level 1. HP: 16/16 MP: 1/1
     0 | D:1      | 0 ||| qw: Version: 0.3-a-46-gb1f654a
     0 | D:1      | 0 ||| qw: Game counter: 1597
     0 | D:1      | 0 ||| qw: Melee chars always use a shield: true
     0 | D:1      | 0 ||| qw: God list: Okawaru
     0 | D:1      | 0 ||| qw: Allow faded altars: false
     0 | D:1      | 0 ||| qw: Do Orc after clearing Dungeon:15 true
     0 | D:1      | 0 ||| qw: Do second Lair branch before Depths: true
     0 | D:1      | 0 ||| qw: Lair rune preference: random
     0 | D:1      | 0 ||| qw: Goals: Normal
     0 | D:1      | 0 ||| PLANNING D:1-11
    35 | D:1      | 35 ||| FLEEEEING.
    36 | D:1      | 36 ||| FLEEEEING.
    95 | D:1      | Reached skill level 3 in Ranged Weapons
    97 | D:1      | Reached XP level 2. HP: 23/23 MP: 2/2
   281 | D:1      | Found a faded altar of an unknown god.
   497 | D:1      | Reached XP level 3. HP: 24/29 MP: 3/3
   497 | D:1      | 497 ||| FLEEEEING.
   499 | D:1      | 499 ||| FLEEEEING.
   500 | D:1      | 500 ||| FLEEEEING.
   501 | D:1      | 501 ||| FLEEEEING.
   502 | D:1      | 502 ||| FLEEEEING.
   503 | D:1      | 503 ||| FLEEEEING.
   504 | D:1      | 504 ||| FLEEEEING.
   505 | D:1      | 505 ||| FLEEEEING.
   506 | D:1      | 506 ||| FLEEEEING.
   634 | D:1      | 634 ||| UPGRADING to +0 ring mail.
   644 | D:1      | 644 ||| DROPPING +0 robe.
   645 | D:1      | 645 ||| READING 2 scrolls labelled ESYITR YRUT.
   646 | D:1      | 646 ||| READING scroll labelled WIWOYN XEATIY.
   647 | D:1      | 647 ||| DRINKING 2 lumpy white potions.
   647 | D:1      | Gained mutation: You sometimes lose your temper in combat.
                  | [potion of mutation]
   647 | D:1      | Gained mutation: Your muscles are strong. (Str +4, Int/Dex
                  | -1) [potion of mutation]
   647 | D:1      | Gained mutation: You have large cloven feet. [potion of
                  | mutation]
   648 | D:1      | 648 ||| DRINKING potion of mutation.
   648 | D:1      | Lost mutation: Your muscles are strong. (Str +4, Int/Dex
                  | -1) [potion of mutation]
   648 | D:1      | Lost mutation: You sometimes lose your temper in combat.
                  | [potion of mutation]
   648 | D:1      | Gained mutation: You are robust. (+10% HP) [potion of
                  | mutation]
   648 | D:1      | Gained mutation: Your movements are slightly less
                  | encumbered by armour. (ER -2) [potion of mutation]
   655 | D:1      | 655 ||| DROPPING scroll of poison.
   740 | D:2      | 740 ||| STAIRDANCE
   746 | D:2      | 746 ||| STAIRDANCE
   863 | D:2      | Noticed Terence
   876 | D:2      | Killed Terence
   877 | D:2      | Reached skill level 4 in Ranged Weapons
  1058 | D:2      | Reached XP level 4. HP: 39/39 MP: 4/4
  1251 | D:2      | Reached skill level 1 in Armour
  1432 | D:2      | Found Ohydwimae's Assorted Antiques.
  1435 | D:2      | 1435 ||| BUYING 2 pink potions (55 gold).
  1435 | D:2      | Bought 2 pink potions for 55 gold pieces
  1435 | D:2      | 1435 ||| SHOPLISTING blackened gilded ring (155 gold, have
                  | 11).
  1435 | D:2      | 1435 ||| SHOPLISTING scroll labelled DAETUEQUEWN (31 gold,
                  | have 11).
  1435 | D:2      | 1435 ||| SHOPLISTING scroll of identify (62 gold, have 11).
  1435 | D:2      | 1435 ||| SHOPLISTING yellow potion (27 gold, have 11).
  1445 | D:2      | 1445 ||| READING scroll labelled ELAONTA EPNE.
  1446 | D:2      | 1446 ||| READING scroll labelled JESAIX KUNUN.
  1447 | D:2      | 1447 ||| READING scroll labelled DAETUEQUEWN.
  1452 | D:2      | 1452 ||| DRINKING 3 red potions.
  1453 | D:2      | 1453 ||| DRINKING 2 bubbling blue potions.
  1454 | D:2      | 1454 ||| DRINKING 2 pink potions.
  1455 | D:2      | 1455 ||| READING 5 scrolls of identify.
  1455 | D:2      | 1455 ||| IDENTIFYING yellow potion
  1456 | D:2      | 1456 ||| READING 4 scrolls of identify.
  1456 | D:2      | 1456 ||| IDENTIFYING puce potion
  1457 | D:2      | 1457 ||| DROPPING 2 potions of invisibility.
  1458 | D:2      | 1458 ||| DROPPING potion of attraction.
  1459 | D:2      | 1459 ||| DROPPING potion of brilliance.
  1599 | D:3      | Found a sacrificial altar of Ru.
  1658 | D:3      | Found a sparkling altar of Nemelex Xobeh.
  1722 | D:3      | HP: 5/39 [gnoll/+2 flail of draining (10)]
  1722 | D:3      | Slain by a gnoll

Levels and vault maps discovered:
D:1:      saegor_arrival_fortress, layout_rooms,
          shapermc_ecumenical_altar_flowoftime
D:2:      layout_basic, serial_shops, nicolae_shop_statue_plus,
          minmay_surrounded, uniq_terence
D:3:      layout_loops_ring, mainiacjoe_overflow_cross_hatched,
          mainiacjoe_overflow_concentric_impassable, kennysheep_path_1,
          uniq_grinder

Skill      XL: |  1  2  3  4 |
---------------+-------------+-----
Ranged Weapons | 3 4 |  4.8
Fighting       | 2 |  2.0
Armour         | 1 |  1.3
Dodging        | |  2.1
Spellcasting   | |  1.0
Hexes          | |  2.0

Action                     |  1- 3 |  4- 6 || total
---------------------------+-------+-------++-------
   Fire: Sling             |   105 |    77 ||   182
    Use: Scroll            |     2 |     5 ||     7
         Potion            |     2 |     3 ||     5
 Armour: Robe              |     4 |       ||     4
         Ring mail         |    12 |     7 ||    19
  Dodge: Dodged            |    33 |    25 ||    58

Table legend:
 A = Non-vault XP
 B = Vault XP
 C = Vault XP percentage of total XP
 D = Non-vault monster count
 E = Vault monster count
 F = Vault count percentage of total count
                 A         B        C        D         E       F
            +---------+---------+-------+---------+---------+-------
      Total |     105 |      44 |  29.5 |      49 |       5 |   9.3
            +---------+---------+-------+---------+---------+-------
        D:1 |      45 |       0 |   0.0 |      27 |       0 |   0.0
        D:2 |      31 |      44 |  58.7 |       9 |       5 |  35.7
        D:3 |      29 |       0 |   0.0 |      13 |       0 |   0.0
            +---------+---------+-------+---------+---------+-------
